 Dungeon Crawl Stone Soup version 0.25.1-2-g60ff931df9 (webtiles) character file.

Game seed: 10332031198892843287

18342 KyoPewz the Zephyrmancer (level 12, -4/59 HPs)
             Began as a Tengu Air Elementalist on Oct 3, 2020.
             Was a Priest of Vehumet.
             Killed by the air
             ... invoked by Gastronok
              (32 damage)
             ... on level 2 of the Lair of Beasts.
             The game lasted 01:02:52 (20141 turns).

KyoPewz the Zephyrmancer (Tengu Air Elementalist)  Turns: 20141, Time: 01:02:52

Health: -4/59      AC:  6    Str: 10    XL:     12   Next: 57%
Magic:  2/26       EV: 18    Int: 23    God:    Vehumet [***...]
Gold:   320        SH:  5    Dex: 14    Spells: 16/29 levels left

rFire    . . .     SeeInvis .   b - +1 battleaxe "Tijuj" {freeze, rElec rPois rC++ Str-3}
rCold    + + .     Gourm    .   (shield currently unavailable)
rNeg     . . .     Faith    .   A - +2 robe {MR+}
rPois    +         Spirit   .   (helmet restricted)
rElec    +         Reflect  +   (no cloak)
rCorr    .         Harm     .   w - +1 pair of gloves
MR       +....                  (boots unavailable)
Stlth    ++........             f - amulet of reflection
HPRegen  0.19/turn              o - +6 ring of intelligence
MPRegen  0.20/turn              n - ring of wizardry

@: no status effects
A: beak, talons 3, able to fly
a: Fly, Renounce Religion


You were on level 2 of the Lair of Beasts.
You worshipped Vehumet.
Vehumet was most pleased with you.
You were not hungry.

You visited 3 branches of the dungeon, and saw 14 of its levels.

You collected 702 gold pieces.
You spent 382 gold pieces at shops.

Inventory:

Hand Weapons
 b - the +1 battleaxe "Tijuj" (weapon) {freeze, rElec rPois rC++ Str-3}
   (You found it on level 9 of the Dungeon)

   It has been specially enchanted to freeze those struck by it, causing extra
   injury to most foes and up to half again as much damage against particularly
   susceptible opponents.
   It can also slow down cold-blooded creatures.
   It affects your strength (-3).
   It greatly protects you from cold.
   It insulates you from electricity.
   It protects you from poison.
 p - a +4 falchion
   (You took it off a wight on level 6 of the Dungeon)
 y - a +0 quarterstaff
   (You took it off Joseph on level 7 of the Dungeon)
 z - a +2 dagger of venom
   (You took it off an orc on level 4 of the Dungeon)
Missiles
 E - 2 throwing nets (quivered) {!f}
Armour
 j - a +0 buckler
   (You took it off an orc on level 4 of the Dungeon)
 l - a +0 kite shield
   (You found it on level 2 of the Dungeon)
 r - a +1 scale mail of cold resistance
   (You took it off an orc on level 6 of the Dungeon)
 w - a +1 pair of gloves (worn)
   (You found it on level 7 of the Dungeon)
 A - a +2 robe of magic resistance (worn)
   (You took it off a wight on level 9 of the Dungeon)
 L - a +2 robe of cold resistance
   (You took it off Fannar on level 8 of the Dungeon)
Magical Staves
 O - an uncursed staff of wizardry {!a}
   (You found it on level 2 of the Lair of Beasts)
Jewellery
 f - an amulet of reflection (around neck)
   (You found it on level 10 of the Dungeon)
 h - an uncursed amulet of regeneration
   (You found it on level 1 of the Dungeon)
 n - a ring of wizardry (right hand)
   (You found it on level 3 of the Dungeon)
 o - a +6 ring of intelligence (left hand)
   (You found it on level 2 of the Dungeon)
 q - an uncursed ring of fire
   (You found it on level 7 of the Dungeon)
 J - a +6 ring of dexterity
   (You found it on level 6 of the Dungeon)
 N - a +6 ring of intelligence
   (You found it on level 2 of the Lair of Beasts)
Wands
 d - a wand of iceblast (11)
   (You found it on level 7 of the Dungeon)
 t - a wand of flame (17)
   (You found it on level 10 of the Dungeon)
 v - a wand of digging (2)
   (You took it off a kobold on level 10 of the Dungeon)
 x - a wand of acid (7)
   (You found it on level 3 of the Dungeon)
 F - a wand of clouds (4)
   (You found it on level 9 of the Dungeon)
Scrolls
 c - 6 scrolls of remove curse {@r2}
 g - a scroll of teleportation {@r4}
 m - 6 scrolls of enchant weapon
 s - a scroll of fear
 B - 3 scrolls of identify {@r1}
 D - 2 scrolls of blinking
 G - 3 scrolls of magic mapping
 K - 2 scrolls of fog
 M - a scroll of noise {unknown}
Potions
 i - 7 potions of curing {@q1}
 k - 2 potions of might
 u - 2 potions of brilliance
 C - a potion of lignification {!q}
 H - a potion of magic
 I - 4 potions of heal wounds {@q2}
Miscellaneous
 a - a tin of tremorstones (3/3)
   (You found it on level 9 of the Dungeon)
Comestibles
 e - 21 rations {!d}


   Skills:
 - Level 5.5 Armour
 + Level 9.6 Dodging
 - Level 2.0 Stealth
 - Level 4.0 Shields
 + Level 9.3 Spellcasting
 + Level 12.6 Conjurations
 + Level 13.5 Air Magic


You had 16 spell levels left.
You knew the following spells:

 Your Spells              Type           Power        Failure   Level  Hunger
a - Shock                 Conj/Air       ####         1%          1    None
b - Airstrike             Air            ######....   1%          4    ##.....
c - Lightning Bolt        Conj/Air       ######....   1%          5    ####...
d - Dazzling Flash        Conj/Hex       #####.       1%          3    None

Your spell library contained the following spells:

 Spells                   Type           Power        Failure   Level  Hunger
 Swiftness                Chrm/Air       #####...     1%          2    None
 Static Discharge         Conj/Air       ######..     1%          3    None


Dungeon Overview and Level Annotations

Branches:
Dungeon (11/15)            Temple (1/1) D:7            Lair (2/6) D:8
    Orc (0/2) D:10
  Swamp: Lair:2-4    Shoals: Lair:2-4     Snake: Lair:2-4    Spider: Lair:2-4

Altars:
Ashenzari
Cheibriados
Dithmenos
Elyvilon
Fedhas
Gozag
Hepliaklqana
Kikubaaqudgha
Makhleb
Nemelex Xobeh
Okawaru
Qazlal
Ru
Sif Muna
Trog
Uskayaw
Vehumet
Wu Jian
Xom
Yredelemnul
Zin
The Shining One

Shops:
D:9 *   D:10 ?

Annotations:
Lair:2 Gastronok


Innate Abilities, Weirdness & Mutations

You have a beak for a mouth.
You have claws for feet.
You can fly continuously.


Message History

The air twists around and strikes Gastronok!
Aim: Gastronok, wearing a +2 hat of intelligence (lightly wounded)
The air twists around and strikes Gastronok!
Aim: Gastronok, wearing a +2 hat of intelligence (lightly wounded)
The air twists around and strikes Gastronok!!
Gastronok waves his eye-stalks in wide circles.
The air twists around and strikes you!!
Ouch! That really hurt!
* * * LOW HITPOINT WARNING * * *
There is a stone staircase leading up, spattered with blood here.
You start resting.
You start resting.
You are near starving!
You start resting.
You eat one of the 22 rations {!d}.
That ration really hit the spot!
You see here 7 arrows.
Gastronok is too close now for your liking.
Aim: Gastronok, wearing a +2 hat of intelligence (wandering, hasn't noticed you)
The air twists around and strikes Gastronok!
Gastronok gurgles horribly!
Aim: Gastronok, wearing a +2 hat of intelligence (lightly wounded)
The air twists around and strikes Gastronok!
Aim: Gastronok, wearing a +2 hat of intelligence (lightly wounded)
The air twists around and strikes Gastronok!!
Aim: Gastronok, wearing a +2 hat of intelligence (moderately wounded)
The air twists around and strikes Gastronok!
Aim: Gastronok, wearing a +2 hat of intelligence (moderately wounded)
The bolt of acid hits Gastronok.
Gastronok is splashed with acid.
The acid corrodes Gastronok!
Aim: Gastronok, wearing a +2 hat of intelligence (heavily wounded, covered in acid)
The air twists around and strikes Gastronok!!
Aim: Gastronok, wearing a +2 hat of intelligence (heavily wounded, covered in acid)
The air twists around and strikes Gastronok!!
Aim: Gastronok, wearing a +2 hat of intelligence (severely wounded, covered in acid)
The zap hits Gastronok.
Aim: Gastronok, wearing a +2 hat of intelligence (severely wounded, covered in acid)
The zap hits Gastronok.
Gastronok waves his eye-stalks in wide circles.
The air twists around and strikes you!!
Ouch! That really hurt!
* * * LOW HITPOINT WARNING * * *
Aim: Gastronok, wearing a +2 hat of intelligence (severely wounded, covered in acid)
The bolt of acid hits Gastronok!
Gastronok is splashed with acid.
Gastronok seems to be corroded for longer.
Aim: Gastronok, wearing a +2 hat of intelligence (almost dead, covered in acid)
The mass of ice explodes!
The iceblast engulfs Gastronok!
Gastronok waves his eye-stalks in wide circles.
The air twists around and strikes you!!
Ouch! That really hurt!
You die...

#.....P ###....# ##....# #.....##
#.... ##.....# #...w ### ##.....#
#### ##.... ####.## #P....##
.#P###.......##P.P..#####.....###
.................................
............w....................
................@................
.................................
.....#...###P.#.P#......##P######
.....#.P## #######....######
#....# ## ##....# # #....######
#####.....# ########
.....##P#.###.#.#P....####..##P.P
.................................
.................................


You could see Gastronok (corroded).

Vanquished Creatures
  Fannar (D:8)
  A two-headed ogre (D:10)
  5 death yaks (Lair:1)
  2 ugly things
  An oklob plant (D:7)
  2 manticores
  Joseph (D:7)
  5 spiny frogs
  2 rime drakes (Lair:2)
  2 komodo dragons (Lair:2)
  A merfolk (D:9)
  3 blink frogs (Lair:2)
  2 hippogriffs
  Prince Ribbit (D:8)
  A vampire (D:9)
  2 wyverns (D:8)
  5 yaks (Lair:1)
  4 fire bats (D:9)
  2 vampire mosquitoes (D:9)
  A basilisk (Lair:2)
  3 water moccasins
  A hell hound (D:9)
  2 porcupines
  2 orc warriors (D:8)
  An ice beast (D:8)
  9 ogres
  A sky beast (D:7)
  4 phantoms
  4 centaurs
  A crocodile (Lair:1)
  2 big kobolds
  7 bullfrogs
  A scorpion (D:7)
  4 killer bees (D:9)
  10 wights
  5 howler monkeys
  5 crimson imps
  2 lava snakes (D:9)
  A centaur zombie (D:5)
  A quasit (D:10)
  10 jellies
  An orc priest (D:5)
  2 bullfrog skeletons (D:9)
  A gnoll shaman (D:7)
  2 centaur skeletons
  4 hounds
  3 iguanas
  An orc wizard (D:5)
  7 worker ants
  4 hound zombies
  A hound skeleton (D:6)
  A worker ant zombie (D:5)
  4 gnolls (D:7)
  12 adders
  2 shadow imps
  17 oozes (D:7)
  5 worms
  A dart slug (D:1)
  8 leopard geckos
  25 orcs
  11 bats
  3 giant cockroaches
  4 goblins
  6 hobgoblins
  13 jackals
  5 quokkas
  A ball python (D:1)
  4 frilled lizards
  2 giant cockroach zombies (D:5)
  18 kobolds
  9 rats
  A rat zombie (D:6)
  3 fire vortices (D:9)
301 creatures vanquished.

Vanquished Creatures (others)
  6 fungi (D:7)
  A plant (Lair:2)
7 creatures vanquished.

Grand Total: 308 creatures vanquished

Notes
Turn   | Place    | Note
-------+----------+-------------------------------------------
     0 | D:1      | KyoPewz the Tengu Air Elementalist began the quest for the
                  | Orb.
     0 | D:1      | Reached XP level 1. HP: 10/10 MP: 4/4
   128 | D:1      | Reached XP level 2. HP: 15/15 MP: 4/6
   752 | D:1      | Reached XP level 3. HP: 19/19 MP: 5/7
  1063 | D:2      | Found a glowing golden altar of the Shining One.
  1191 | D:2      | Reached skill level 5 in Air Magic
  1950 | D:3      | Reached XP level 4. HP: 24/24 MP: 1/8
  2434 | D:3      | Learned a level 4 spell: Airstrike
  2935 | D:3      | Gained mutation: You can fly continuously. [Tengu growth]
  2935 | D:3      | Reached XP level 5. HP: 28/28 MP: 1/10
  3048 | D:3      | Reached skill level 6 in Air Magic
  3348 | D:4      | Noticed an ogre
  3389 | D:3      | HP: 1/28 [ogre/+0 giant club (27)]
  3430 | D:3      | Killed an ogre
  3734 | D:4      | Noticed an ogre
  3738 | D:4      | Killed an ogre
  3738 | D:4      | Reached skill level 7 in Air Magic
  3738 | D:4      | Reached XP level 6. HP: 32/32 MP: 0/12
  4296 | D:4      | Reached skill level 1 in Shields
  4579 | D:4      | Reached XP level 7. HP: 30/36 MP: 8/13
  4938 | D:5      | Entered Level 5 of the Dungeon
  5139 | D:5      | Found an opulent altar of Gozag.
  5235 | D:5      | Found an iron altar of Okawaru.
  5360 | D:5      | Found a shimmering altar of Xom.
  5364 | D:5      | Found a glowing silver altar of Zin.
  5367 | D:5      | Reached skill level 5 in Conjurations
  5608 | D:5      | Found an ornate altar of the Wu Jian Council.
  5610 | D:5      | Found a stormy altar of Qazlal.
  5613 | D:5      | Found a hide-covered altar of Uskayaw.
  5658 | D:5      | Reached skill level 8 in Air Magic
  5658 | D:5      | Reached XP level 8. HP: 41/41 MP: 9/15
  6109 | D:5      | Found a shimmering blue altar of Sif Muna.
  6903 | D:6      | Found an ancient bone altar of Kikubaaqudgha.
  7409 | D:7      | Reached skill level 5 in Spellcasting
  7529 | D:7      | Noticed an oklob plant
  7550 | D:7      | Reached skill level 9 in Air Magic
  7573 | D:7      | Reached skill level 1 in Armour
  7966 | D:7      | Killed an oklob plant
  7966 | D:7      | Reached XP level 9. HP: 45/45 MP: 4/18
  8213 | D:7      | Found a snail-covered altar of Cheibriados.
  8321 | D:7      | Noticed Joseph
  8344 | D:7      | Killed Joseph
  8747 | D:7      | Found a staircase to the Ecumenical Temple.
  8762 | Temple   | Entered the Ecumenical Temple
  8829 | Temple   | Became a worshipper of Vehumet
  9073 | D:8      | Reached skill level 10 in Air Magic
  9528 | D:8      | Reached XP level 10. HP: 50/50 MP: 10/20
  9617 | D:8      | Reached skill level 5 in Dodging
  9773 | D:8      | Noticed a manticore
  9789 | D:8      | Killed a manticore
  9950 | D:8      | Found a staircase to the Lair.
  9957 | D:8      | Reached * piety under Vehumet
  9957 | D:8      | Offered knowledge of Foxfire by Vehumet.
 10102 | D:8      | Noticed Prince Ribbit
 10114 | D:8      | Killed Prince Ribbit
 10114 | D:8      | Reached skill level 5 in Armour
 11015 | D:9      | Reached skill level 11 in Air Magic
 11322 | D:9      | Learned a level 5 spell: Lightning Bolt
 11419 | D:9      | Reached ** piety under Vehumet
 11419 | D:9      | Offered knowledge of Sandblast by Vehumet.
 11509 | D:9      | Found a sparkling altar of Nemelex Xobeh.
 11742 | D:9      | Found Nubor's General Store.
 11758 | D:9      | Got a fine battleaxe
 11765 | D:9      | Bought 2 potions of heal wounds for 130 gold pieces
 11765 | D:9      | Bought a potion of heal wounds for 65 gold pieces
 11765 | D:9      | Bought a scroll of magic mapping for 45 gold pieces
 11779 | D:9      | Identified the cursed +1 battleaxe "Tijuj" {freeze, rElec
                  | rPois rC++ Str-3} (You found it on level 9 of the Dungeon)
 11860 | D:9      | Reached skill level 10 in Conjurations
 12124 | D:9      | Reached XP level 11. HP: 54/54 MP: 16/22
 12593 | D:10     | Entered Level 10 of the Dungeon
 12634 | D:10     | Noticed a two-headed ogre
 12640 | D:10     | Killed a two-headed ogre
 12642 | D:10     | You are sucked into a shaft and drop 1 floor!
 12656 | D:11     | Noticed a purple ugly thing
 13023 | D:8      | Found a staircase to the Lair.
 13480 | D:8      | Found a staircase to the Lair.
 13882 | D:9      | Killed a white ugly thing
 14235 | D:10     | Offered knowledge of Dazzling Flash by Vehumet.
 14236 | D:10     | Noticed a red ugly thing
 14237 | D:10     | Reached skill level 12 in Air Magic
 14348 | D:10     | Found Vuxaedgh's Magic Scroll Boutique.
 14440 | D:10     | Noticed a manticore
 14444 | D:10     | Killed a manticore
 14601 | D:10     | Bought a scroll of enchant armour for 112 gold pieces
 14601 | D:10     | Bought a scroll of fog for 30 gold pieces
 14790 | D:10     | Killed a red ugly thing
 14790 | D:10     | Reached *** piety under Vehumet
 14911 | D:10     | Found a staircase to the Orcish Mines.
 15035 | Lair:1   | Entered Level 1 of the Lair of Beasts
 15422 | Lair:1   | You are sucked into a shaft and drop 1 floor!
 15492 | Lair:2   | Noticed Gastronok
 16381 | Lair:1   | Noticed Fannar
 16656 | D:8      | Killed Fannar
 16656 | D:8      | Reached XP level 12. HP: 41/59 MP: 5/25
 17394 | Lair:2   | Reached skill level 13 in Air Magic
 17577 | Lair:2   | Learned a level 3 spell: Dazzling Flash
 17753 | Lair:2   | Noticed a death yak
 17768 | Lair:2   | Noticed a death yak
 17771 | Lair:2   | Noticed a death yak
 17771 | Lair:2   | Noticed a death yak
 17771 | Lair:2   | Noticed a death yak
 17812 | Lair:1   | Killed a death yak
 18150 | Lair:1   | Killed a death yak
 18599 | Lair:1   | Killed a death yak
 18796 | Lair:1   | Killed a death yak
 18947 | Lair:1   | Killed a death yak
 20141 | Lair:2   | Killed from afar by Gastronok

Illustrated notes

Levels and vault maps discovered:
D:1:      evilmike_arrival_crescent, layout_loops_ring, minmay_misc_feat_roman
D:2:      layout_basic, nicolae_overflow_crystal_walls
D:3:      layout_loops_ring
D:4:      layout_loops_ring, first_ration, kennysheep_generic_room_14
D:5:      layout_loops_ring, grunt_gozag_breadcrumbs, okawaru_gym_becter,
          lemuel_blue_sif_altar, minitemple
D:6:      layout_basic, lemuel_zombie_altar_kikubaaqudgha, corexii_shack
D:7:      lemuel_slime, layout_loops_cross, cheibriados_altar_1,
          minmay_temple_entry_nine_rooms, uniq_joseph
D:8:      layout_loops_ring, lair_entry_dummy, uniq_prince_ribbit1
D:9:      layout_rooms, lemuel_round_altar, serial_shops, shop,
          hangedman_fish_farm, hangedman_incinerator
D:10:     layout_rooms, orc_0_dummy, serial_shops, shop
D:11:     layout_irregular_city, serial_shops, kennysheep_mini_moat
Temple:   zaba_magenta_temple
Lair:1:   layout_hall_layers, chequers_serial_rivers_marsh, uniq_fannar
Lair:2:   layout_long_grid, uniq_gastronok

Skill      XL: |  1  2  3  4  5  6  7  8  9 10 11 12 |
---------------+-------------------------------------+-----
Conjurations   | 2 3 4 5 7 8 10 11 12 | 12.6
Air Magic      | 5 7 8 9 10 11 12 13 | 13.5
Spellcasting   | 3 4 5 6 7 8 9 |  9.3
Shields        | 1 3 4 |  4.0
Armour         | 2 4 5 |  5.5
Dodging        | 3 4 6 8 9 |  9.6
Stealth        | |  2.0

Action                   |  1- 3 |  4- 6 |  7- 9 | 10-12 || total
-------------------------+-------+-------+-------+-------++-------
Melee: Whip              |    13 |    11 |       |       ||    24
       Peck              |     3 |     3 |     7 |     7 ||    20
       Kick              |     1 |     1 |    12 |    14 ||    28
       Short sword       |       |     1 |       |       ||     1
       Dagger            |       |       |    45 |    10 ||    55
       Battleaxe         |       |       |       |    56 ||    56
 Cast: Shock             |    83 |   103 |   244 |   419 ||   849
       Airstrike         |       |     4 |    36 |   167 ||   207
       Lightning Bolt    |       |       |       |     1 ||     1
 Abil: Fly               |       |     1 |       |       ||     1
       Stop Flying       |       |       |       |     1 ||     1
Evoke: Wand              |       |       |       |     6 ||     6
  Use: Scroll            |       |    11 |     2 |     7 ||    20
  Eat: Chunk             |     4 |    10 |    15 |    23 ||    52
       Ration            |       |       |     1 |     6 ||     7
Armor: Robe              |     3 |     1 |     1 |    30 ||    35
       Scale mail        |       |       |    17 |    23 ||    40
Dodge: Dodged            |    24 |    21 |    47 |   301 ||   393
Block: Buckler           |       |       |     9 |     9 ||    18
       Other             |       |       |       |    27 ||    27
